 Dungeon Crawl Stone Soup version 0.26-a0-466-g989023bd0d (webtiles) character file.

Game seed: 12894234774615645883

1714 pk666 the Thaumaturge (level 8, -7/41 HPs)
             Began as a Deep Elf Hedge Wizard on Aug 9, 2020.
             Was a Follower of Vehumet.
             Shot with an arrow by a centaur (15 damage)
             ... on level 6 of the Dungeon.
             The game lasted 00:21:15 (8637 turns).

pk666 the Thaumaturge (Deep Elf Hedge Wizard)       Turns: 8637, Time: 00:21:16

Health: -7/41      AC:  3    Str:  7    XL:     8   Next: 74%
Magic:  7/23       EV: 13    Int: 22    God:    Vehumet [*.....]
Gold:   209        SH:  0    Dex: 14    Spells: 14/25 levels left

rFire    . . .     SeeInvis +   m - +0 dagger (protect)
rCold    . . .     Faith    .   (no shield)
rNeg     . . .     Spirit   .   b - +0 robe
rPois    .         Reflect  .   c - +0 hat
rElec    .         Harm     .   (no cloak)
rCorr    .                      (no gloves)
MR       +....                  u - +0 pair of boots (curse)
Stlth    ++........             (no amulet)
HPRegen  0.13/turn              B - ring of protection from magic
MPRegen  0.18/turn              A - ring of see invisible

@: very slightly contaminated
A: no striking features
a: Renounce Religion


You were on level 6 of the Dungeon.
You worshipped Vehumet.
Vehumet was aware of your devotion.
You visited 2 branches of the dungeon, and saw 7 of its levels.

You collected 209 gold pieces.

Inventory:

Hand Weapons
 m - a +0 dagger of protection (weapon)
Missiles
 q - 7 curare-tipped darts (quivered)
Armour
 b - a +0 robe (worn)
 c - a +0 hat (worn)
 u - a cursed +0 pair of boots (worn)
Jewellery
 y - an uncursed ring of positive energy
 A - a ring of see invisible (right hand)
 B - a ring of protection from magic (left hand)
Wands
 v - a wand of digging (3)
 x - a wand of flame (20)
Scrolls
 a - 2 scrolls of teleportation {unknown}
 d - 3 scrolls of amnesia {unknown}
 e - a scroll of fear {unknown}
 g - 2 scrolls of blinking {unknown}
 h - 2 scrolls of immolation {unknown}
 i - a scroll of fog {unknown}
 j - a scroll of identify {unknown}
 k - 5 scrolls of remove curse {unknown}
 s - 3 scrolls of enchant weapon {unknown}
Potions
 f - a potion of heal wounds
 l - a potion of flight {unknown}
 n - a potion of lignification {unknown}
 o - 2 potions of might {unknown}
 p - 5 potions of curing
 r - a potion of ambrosia {unknown}
 t - a potion of degeneration {unknown}
 w - a potion of resistance {unknown}
 z - a potion of stabbing {unknown}


   Skills:
 - Level 2.4 Dodging
 - Level 2.4 Stealth
 + Level 9.2 Spellcasting
 + Level 7.2 Conjurations
 - Level 1.1 Summonings
 - Level 2.0 Translocations
 + Level 6.0 Fire Magic
 - Level 2.0 Air Magic
 - Level 2.0 Poison Magic


You had 14 spell levels left.
You knew the following spells:

 Your Spells              Type           Power        Failure   Level
a - Magic Dart            Conj           ####         1%          1
b - Blink                 Tloc           N/A          4%          2
c - Conjure Flame         Conj/Fire      #####...     1%          3
d - Mephitic Cloud        Conj/Pois/Air  ####....     4%          3
e - Call Imp              Summ           ##......     6%          2

Your spell library contained the following spells:

 Spells                   Type           Power        Failure   Level
 Sandblast                Erth           ##....       7%          1
 Slow                     Hex            ##......     10%         2


Dungeon Overview and Level Annotations

Branches:
Dungeon (6/15)             Temple (1/1) D:4

Altars:
Ashenzari
Cheibriados
Dithmenos
Elyvilon
Fedhas
Gozag
Kikubaaqudgha
Makhleb
Nemelex Xobeh
Trog
Uskayaw
Vehumet
Wu Jian
Yredelemnul
Zin

Annotations:
D:3 2 runed translucent doors, Yorgos's ghost, amateur DsGl


Message History

Vehumet accepts your kill.
Your Fire Magic skill increases to level 6!
Casting: Conjure Flame (safe; 1% risk of failure)
Confirm with . or Enter, or press ? or * to list all spells.
The fire begins to smolder!
The centaur wields a +0 shortbow.
The centaur shoots an arrow.
The arrow closely misses your white imp.
The arrow hits you!
* * * LOW HITPOINT WARNING * * *
Your white imp gestures at the centaur.
The puff of frost hits the centaur!
The centaur shoots an arrow.
The arrow hits your white imp!
Your white imp dies!
An orc comes into view.
The fire ignites!
Casting: Conjure Flame (safe; 1% risk of failure)
Confirm with . or Enter, or press ? or * to list all spells.
You can't see any susceptible monsters within range! (Use Z to cast anyway.)
The centaur shoots an arrow.
The arrow hits you!
You die...

.......##..........
.......<..####...##
######.#### #...#
### ##.## #...# ..#
####...## #...# #.#
#.....#.# ##..#
###.#
#.##.#.########.#
...#
#.###.#.......#.#
.$# #o######@#
###...###.#.#
.....##c)...ยง..#
#...>.##.#.##
.o.!..).########
###..........#
..#####.#
#............# ..#
##>#.......#..#
####
#.....#..##....
#..####..##.#.#
#..####.......#
#.......###.###


You could see a centaur.

Vanquished Creatures
  Pikel (D:4)
  Grinder (D:4)
  A sky beast (D:3)
  An ogre (D:3)
  A centaur (D:6)
  Blork the orc (D:5)
  2 scorpions
  A bullfrog zombie (D:5)
  2 hounds
  An orc priest (D:6)
  Natasha (thrice) (D:4)
  5 iguanas
  4 worker ants
  A hound zombie (D:5)
  2 hound skeletons (D:6)
  2 gnolls
  4 adders
  A white imp (D:5)
  2 ufetubi
  2 oozes
  4 worms
  4 dart slugs
  3 leopard geckos
  An orc (D:4)
  3 ball pythons
  7 giant cockroaches
  6 goblins
  8 hobgoblins
  6 jackals
  2 quokkas
  A ball python zombie (D:6)
  10 bats
  3 frilled lizards
  13 kobolds
  11 rats
120 creatures vanquished.

Vanquished Creatures (collateral kills)
  An orc wizard (D:6)
  A gnoll (D:2)
  A leopard gecko (D:4)
  3 jackals (D:3)
  A ball python (D:3)
  A ball python skeleton (D:4)
8 creatures vanquished.

Vanquished Creatures (others)
  A wizard (D:4)
1 creature vanquished.

Grand Total: 129 creatures vanquished

Notes
Turn   | Place    | Note
-------+----------+-------------------------------------------
     0 | D:1      | pk666 the Deep Elf Hedge Wizard began the quest for the
                  | Orb.
     0 | D:1      | Reached XP level 1. HP: 10/10 MP: 7/7
   393 | D:1      | Reached XP level 2. HP: 15/15 MP: 6/9
   797 | D:1      | Learned a level 2 spell: Blink
   928 | D:1      | Reached skill level 5 in Spellcasting
  1235 | D:2      | Reached XP level 3. HP: 19/19 MP: 6/11
  1599 | D:2      | Learned a level 3 spell: Conjure Flame
  1603 | D:2      | Learned a level 3 spell: Mephitic Cloud
  1877 | D:2      | Reached XP level 4. HP: 24/24 MP: 1/13
  1970 | D:2      | Learned a level 2 spell: Call Imp
  2266 | D:2      | Found a sparkling altar of Nemelex Xobeh.
  2378 | D:2      | Found a snail-covered altar of Cheibriados.
  2509 | D:3      | Found a shattered altar of Ashenzari.
  2702 | D:3      | Reached skill level 1 in Fire Magic
  2702 | D:3      | Reached skill level 1 in Air Magic
  2702 | D:3      | Reached skill level 1 in Poison Magic
  3005 | D:3      | Reached XP level 5. HP: 28/28 MP: 12/15
  3030 | D:3      | Found a large runed translucent door.
  3033 | D:3      | Found a large runed translucent door.
  3035 | D:3      | Noticed Yorgos's ghost (amateur DsGl)
  4401 | D:4      | Noticed an ogre
  4460 | D:4      | Noticed a lemure
  4461 | D:4      | Noticed a lemure
  4545 | D:4      | Noticed a sky beast
  5052 | D:4      | Noticed Natasha
  5066 | D:4      | Killed Natasha
  5219 | D:4      | Noticed a lemure
  5228 | D:4      | Noticed a lemure
  5229 | D:4      | Noticed Pikel
  5249 | D:4      | Killed Pikel
  5249 | D:4      | Reached skill level 7 in Spellcasting
  5249 | D:4      | Reached skill level 5 in Conjurations
  5249 | D:4      | Reached XP level 6. HP: 32/32 MP: 7/18
  5249 | D:4      | Reached XP level 7. HP: 36/36 MP: 7/19
  5398 | D:4      | Noticed Natasha
  5825 | D:4      | Found a staircase to the Ecumenical Temple.
  5834 | Temple   | Entered the Ecumenical Temple
  5881 | Temple   | Became a worshipper of Vehumet
  6059 | D:4      | Noticed Grinder
  6142 | D:4      | Found a bloodstained altar of Trog.
  6300 | D:4      | Killed Natasha
  6720 | D:4      | Noticed Natasha
  6726 | D:4      | Killed Natasha
  6726 | D:4      | Reached XP level 8. HP: 41/41 MP: 15/21
  6783 | D:4      | Paralysed by Grinder for 4 turns
  6812 | D:4      | Killed Grinder
  6812 | D:4      | Reached skill level 8 in Spellcasting
  6970 | D:4      | Noticed a wizard
  6974 | D:4      | Killed a wizard
  7008 | D:5      | Entered Level 5 of the Dungeon
  7021 | D:5      | Reached skill level 5 in Fire Magic
  7239 | D:5      | Found a burning altar of Makhleb.
  7240 | D:5      | Noticed an Executioner
  7244 | D:5      | Noticed an orange demon
  7244 | D:5      | Noticed an orange demon
  7444 | D:5      | Noticed Blork the orc
  7460 | D:5      | Killed Blork the orc
  8384 | D:6      | Reached skill level 9 in Spellcasting
  8565 | D:6      | Reached * piety under Vehumet
  8565 | D:6      | Offered knowledge of Sandblast by Vehumet.
  8637 | D:6      | Shot with an arrow by a centaur

Illustrated notes

Levels and vault maps discovered:
D:1:      wander_arrival_abandoned_jail, layout_loops_ring
D:2:      layout_loops_cross, kennysheep_slug_shrine, nemelex_spade_bored_becter
D:3:      layout_loops_corners, overflow_temple_1_default,
          ebering_ghost_disaster_area, portal_sewer_entry_f
D:4:      layout_basic, minmay_temple_entry_purple_smoke, trog_wizard,
          uniq_grinder, uniq_natasha, uniq_pikel
D:5:      layout_basic, enter_ossuary_5, makhleb_altar_promises_db,
          uniq_blork_the_orc
D:6:      layout_loops_cross, regret_index_temple_of_mockery, serial_shops,
          nicolae_shop_waterfront, minmay_holes, minmay_checkerbox
Temple:   hc_temple_tempest_star

Skill      XL: |  1  2  3  4  5  6  7  8 |
---------------+-------------------------+-----
Conjurations   | 2 3 5 6 7 |  7.2
Spellcasting   | 5 7 9 |  9.2
Translocations | 2 |  2.0
Fire Magic     | 1 3 4 6 |  6.0
Air Magic      | 1 2 |  2.0
Poison Magic   | 1 2 |  2.0
Dodging        | |  2.4
Stealth        | |  2.4
Summonings     | |  1.1

Action                   |  1- 3 |  4- 6 |  7- 9 || total
-------------------------+-------+-------+-------++-------
Melee: Dagger            |       |     7 |     1 ||     8
 Cast: Magic Dart        |    95 |   139 |   177 ||   411
       Call Imp          |       |     5 |    10 ||    15
       Conjure Flame     |       |     3 |    13 ||    16
       Mephitic Cloud    |       |     1 |     9 ||    10
       Blink             |       |     1 |     5 ||     6
  Use: Potion            |       |       |     2 ||     2
Armor: Robe              |     6 |     2 |     7 ||    15
Dodge: Dodged            |    17 |    22 |    33 ||    72

Table legend: (Time is in decaauts)
 A = Elapsed time spent in this place.
 B = Non-inter-level travel time spent in this place.
 C = Inter-level travel time spent in this place.
 D = Time resting spent in this place.
 E = Time spent auto-exploring this place.
 F = Levels seen in this place.
 G = Mean time per level.
                   A        B        C        D        E       F      G
               +--------+--------+--------+--------+--------+-----+--------+
         Total |   8644 |   8187 |    457 |   2845 |   4191 |   7 | 1234.9 |
       Dungeon |   8450 |   8006 |    444 |   2845 |   4026 |   6 | 1408.3 |
        Temple |    193 |    180 |     13 |      0 |    165 |   1 |  193.0 |
               +--------+--------+--------+--------+--------+-----+--------+

Top non-repeatable levels by time:
     D:3: 2708 daAuts
     D:2: 1517 daAuts
     D:4: 1383 daAuts
     D:1: 1215 daAuts
     D:5: 1190 daAuts
     D:6: 435 daAuts
  Temple: 193 daAuts
